Match 39300849
Unlisted

Match 39300849
End
Pioneer Squad
Construct Infanterie Kompanie
Selects Breakthrough Battlegroup
Selects Assault Grenadiers
Grenadier Squad
Grenadier Squad
Grenadier Squad
Construct Luftwaffe Kompanie
Selects Rapid Production
Medical Station
Flak 30 Anti-aircraft Gun Team
221 Scout Car
Support Elements
Wirbelwind Flakpanzer
Flak 30 Anti-aircraft Gun Team
Selects Blitzkrieg
Wirbelwind Flakpanzer
Blitzkrieg
Marder III M Tank Destroyer
Marder III M Tank Destroyer
Selects Tiger Heavy Tank
Tiger Heavy Tank
Pioneer Squad
Pioneer Squad
Selects Breakthrough
Selects Incendiary Bombing Run
Marder III M Tank Destroyer
Marder III M Tank Destroyer
Marder III M Tank Destroyer
Wirbelwind Flakpanzer
Incendiary Bombing Run
Blitzkrieg
Grenadier Squad
Infanterie Officer Quarters
Incendiary Bombing Run
Tiger Heavy Tank
Marder III M Tank Destroyer
Construct Panzergrenadier Kompanie
Breakthrough
Burgo
RoseFlunder
Allu, M.Sc.
Skaarj
easyv
Whiteweedoo
Mael Radec
Loudrikson
0
0

Comments sign in to comment!

No comments posted yet!